 Dungeon Crawl Stone Soup version 0.29-a0-243-g602b31c20e (webtiles) character file.

Game seed: 9299572714947128152

1561 drugrobin the Cleaver (level 8, 0/56 (67) HPs)
             Began as a Demigod Fighter on Mar 4, 2022.
             Slain by a wight
             ... wielding a +3 falchion
              (9 damage)
             ... on level 6 of the Dungeon.
             The game lasted 00:20:41 (9037 turns).

drugrobin the Cleaver (Demigod Fighter)             Turns: 9037, Time: 00:20:42

HP:   0/56 (67)     AC: 15    Str: 25    XL:     8   Next: 32%
MP:   10/10         EV:  6    Int: 10    God:
Gold: 415           SH:  4    Dex: 13    Spells: 7/7 levels left

rFire   . . .      SeeInvis .   a - +0 war axe
rCold   . . .      Faith    .   c - +0 buckler
rNeg    . . .      Spirit   .   A - +0 plate armour
rPois   .          Reflect  .   n - +0 helmet
rElec   .          Harm     .   h - +0 cloak
rCorr   .          Rampage  .   o - +0 pair of gloves
Will    +....                   (no boots)
Stlth   ..........              y - amulet of the acrobat
HPRegen 0.18/turn               M - ring of willpower
MPRegen 0.12/turn               x - ring of flight

@: flying, heavily drained
A: high MP 1, forlorn, divine attributes
a: no special abilities


You were on level 6 of the Dungeon.
You visited 1 branch of the dungeon, and saw 6 of its levels.
You also visited: Ossuary.

You collected 415 gold pieces.

Inventory:

Hand Weapons
 a - a +0 war axe (weapon)
Missiles
 e - 77 stones
 l - 2 poisoned darts
 B - 8 boomerangs (quivered)
 L - a silver boomerang
Armour
 c - a +0 buckler (worn)
 h - a +0 cloak (worn)
 n - a +0 helmet (worn)
 o - a +0 pair of gloves (worn)
 A - a +0 plate armour (worn)
 J - a +0 pair of boots
Jewellery
 m - a ring of resist corrosion
 x - a ring of flight (right hand)
 y - an amulet of the acrobat (around neck)
 H - a ring of magical power
 M - a ring of willpower (left hand)
Wands
 K - a wand of digging (1)
 N - a wand of flame (19)
Scrolls
 b - a scroll of summoning {unknown}
 f - 2 scrolls of teleportation {unknown}
 g - 2 scrolls of torment {unknown}
 i - a scroll of immolation {unknown}
 j - 2 scrolls of holy word {unknown}
 r - a scroll of magic mapping {unknown}
 s - a scroll of blinking {unknown}
 v - a scroll of vulnerability {unknown}
 z - a scroll of enchant armour {unknown}
 F - 3 scrolls of fear {unknown}
Potions
 d - a potion of might
 k - 3 potions of invisibility
 p - 3 potions of curing
 q - 2 potions of haste
 t - a potion of lignification
 u - a potion of brilliance
 w - 2 potions of attraction
 C - 2 potions of heal wounds {unknown}
 D - 2 potions of mutation {unknown}
 E - 2 potions of resistance {unknown}
 G - a potion of berserk rage {unknown}
 I - a potion of flight {unknown}


   Skills:
 + Level 4.8 Fighting
 + Level 8.3 Axes
 + Level 4.8 Armour
 - Level 2.6 Shields


You had 7 spell levels left.
You didn't know any spells.
Your spell library was empty.

Dungeon Overview and Level Annotations

Branches:
Dungeon (6/15)             Temple (0/1) D:4         Ossuary (visited)

Annotations:
D:3 Grinder
D:4 2 transporters, Dowan, Duvessa, Menkaure


Innate Abilities, Weirdness & Mutations

You have an increased reservoir of magic. (+10% MP)
You shall have no god before yourself.
Your divine heritage dramatically boosts your attributes as you level up.


Message History

You block the wight's attack.
You hit the wight but do no damage. The wight hits you with a +3 falchion.
You hit the wight but do no damage. The wight hits you with a +3 falchion.
You closely miss the wight. The wight hits you but does no damage.
Press: ? - help, v - describe, . - travel
Here: a wight, wielding a +3 falchion and wearing a +0 robe The floor.
You hit the wight but do no damage. The wight hits you with a +3 falchion!
You feel drained.
You slash the wight!
The wight is almost destroyed.
The wight hits you with a +3 falchion!
You barely miss the wight.
The wight is almost destroyed.
The wight hits you with a +3 falchion.
You feel drained. The wight hits you but does no damage.
You barely miss the wight.
The wight is almost destroyed.
The wight hits you with a +3 falchion.
You feel drained.
You barely miss the wight.
The wight is almost destroyed.
The wight barely misses you.
You hit the wight but do no damage.
The wight is almost destroyed.
The wight hits you with a +3 falchion.
You closely miss the wight.
The wight is almost destroyed.
The wight hits you with a +3 falchion.
You feel drained.
You hit the wight but do no damage.
The wight is almost destroyed.
The wight barely misses you.
You hit the wight but do no damage.
The wight is almost destroyed.
The wight hits you with a +3 falchion!
You feel drained.
You hit the wight but do no damage.
The wight is almost destroyed.
The wight hits you with a +3 falchion!
* * * LOW HITPOINT WARNING * * *
You feel drained. The wight hits you with a +3 falchion!
You die...

### .... .....#############
......................#
......................#
..............))......#
...........###)########
)..........# #.z@..#
.....<.....#######.########
...........................
#'####.#######.########
#......# #.#
#z############'########
#.#...# #.............#
#.#...# #.............#
#.#...###...#.........#


You could see a wight.

Vanquished Creatures
  Eustachio (D:4)
  An ice beast (D:5)
  2 ogres
  2 bullfrogs
  A scorpion (D:6)
  2 necrophages (D:4)
  2 wights (D:6)
  A howler monkey (D:5)
  4 orc priests
  4 hounds
  4 iguanas
  An orc wizard (D:5)
  8 mummies (Ossuary)
  Robin (D:2)
  4 adders
  4 gnolls
  A shadow imp (D:6)
  A white imp (D:5)
  3 worms
  A dart slug (D:1)
  13 orcs
  8 bats
  9 endoplasms
  2 giant cockroaches
  18 goblins
  7 hobgoblins
  2 jackals (D:1)
  4 quokkas
  9 ball pythons
  A frilled lizard (D:1)
  3 gnoll zombies (Ossuary)
  3 hobgoblin zombies (Ossuary)
  5 kobolds
  2 kobold zombies (Ossuary)
  11 rats
145 creatures vanquished.

Notes
Turn   | Place    | Note
-------+----------+-------------------------------------------
     0 | D:1      | drugrobin the Demigod Fighter began the quest for the Orb.
     0 | D:1      | Reached XP level 1. HP: 18/18 MP: 3/3
   113 | D:1      | Reached skill level 2 in Axes
   392 | D:1      | Reached XP level 2. HP: 21/25 MP: 4/4
   775 | D:1      | Reached skill level 3 in Axes
  1196 | D:1      | Reached XP level 3. HP: 30/30 MP: 5/5
  1845 | D:2      | Noticed Robin
  1856 | D:2      | Killed Robin
  2170 | D:2      | Reached skill level 4 in Axes
  2648 | D:3      | Reached XP level 4. HP: 18/37 MP: 6/6
  4247 | D:4      | Found a transporter.
  4251 | D:4      | Noticed a phantom
  4251 | D:4      | Noticed Dowan
  4265 | D:4      | Found a transporter.
  4265 | D:4      | Noticed Duvessa
  4286 | D:4      | Noticed Menkaure
  4377 | D:4      | Reached skill level 5 in Axes
  4377 | D:4      | Reached XP level 5. HP: 17/42 MP: 7/7
  5122 | D:4      | Reached skill level 6 in Axes
  5122 | D:4      | Reached XP level 6. HP: 43/50 MP: 8/8
  5343 | D:4      | Noticed Grinder
  5378 | D:5      | Entered Level 5 of the Dungeon
  5534 | D:5      | Found a sand-covered staircase.
  5618 | Ossuary  | Entered an ossuary
  5749 | Ossuary  | Reached skill level 7 in Axes
  6534 | D:5      | Reached XP level 7. HP: 36/57 MP: 9/9
  7649 | D:3      | Paralysed by Grinder for 3 turns
  7679 | D:3      | Paralysed by Grinder for 2 turns
  7824 | D:4      | Noticed Eustachio
  8134 | D:4      | Killed Eustachio
  8233 | D:4      | Found a staircase to the Ecumenical Temple.
  8406 | D:5      | Reached XP level 8. HP: 66/66 MP: 10/10
  8449 | D:5      | Reached skill level 8 in Axes
  9037 | D:6      | Slain by a wight

Illustrated notes

Levels and vault maps discovered:
D:1:      dpeg_chamrin_arrival_tetris, layout_basic,
          chequers_ecumenical_altar_twisty, minmay_misc_feat_doors,
          hangedman_feature_mirror
D:2:      layout_loops_cross, uniq_robin
D:3:      layout_basic, mainiacjoe_overflow_24_doors, moated_statue
D:4:      layout_basic, gammafunk_temple_of_torment,
          pdpol_temple_overflow_zin_treasury_gozag_greed, tso_oasis_becter,
          nicolae_overflow_crystal_walls, temple_hall, uniq_eustachio,
          uniq_grinder, uniq_duvessa, uniq_menkaure
D:5:      layout_rooms, elyvilon_altar_3, nicolae_ossuary_entry_monument
D:6:      layout_basic, vehumet_altar_wand_db, serial_shops,
          nicolae_shop_advertising_works [nicolae_subvault_shop_adworks]

Skill      XL: |  1  2  3  4  5  6  7  8 |
---------------+-------------------------+-----
Axes           | 2 3 4 5 6 7 8 |  8.3
Fighting       | 3 4 |  4.8
Armour         | 3 4 |  4.8
Shields        | |  2.6

Action                   |  1- 3 |  4- 6 |  7- 9 || total
-------------------------+-------+-------+-------++-------
Melee: War axe           |   186 |   192 |   171 ||   549
       Unarmed           |       |       |     4 ||     4
Throw: Stone             |     9 |    16 |       ||    25
       Dart              |     2 |    11 |     7 ||    20
       Boomerang         |       |    40 |    11 ||    51
  Use: Scroll            |       |     6 |       ||     6
       Potion            |       |       |     1 ||     1
Armor: Scale mail        |    97 |    42 |       ||   139
       Plate armour      |       |    33 |    97 ||   130
       Skin              |       |       |    17 ||    17
Dodge: Dodged            |    81 |    64 |    80 ||   225
Block: Buckler           |    31 |    28 |    40 ||    99

Table legend: (Time is in decaauts)
 A = Elapsed time spent in this place.
 B = Non-inter-level travel time spent in this place.
 C = Inter-level travel time spent in this place.
 D = Time resting spent in this place.
 E = Time spent auto-exploring this place.
 F = Levels seen in this place.
 G = Mean time per level.
                   A        B        C        D        E       F      G
               +--------+--------+--------+--------+--------+-----+--------+
         Total |   9215 |   8881 |    334 |   2638 |   3445 |   7 | 1316.4 |
       Dungeon |   8628 |   8294 |    334 |   2387 |   3415 |   6 | 1438.0 |
       Ossuary |    587 |    587 |      0 |    251 |     30 |   1 |  587.0 |
               +--------+--------+--------+--------+--------+-----+--------+

Top non-repeatable levels by time:
     D:4: 1964 daAuts
     D:1: 1701 daAuts
     D:5: 1517 daAuts
     D:3: 1448 daAuts
     D:2: 1441 daAuts
 Ossuary: 587 daAuts
     D:6: 556 daAuts
